 Dungeon Crawl Stone Soup version 0.29.1-15-g9cfb28693d (webtiles) character file.

Game seed: 13851931827250812011

61 javelincjr the Trooper (level 3, -1/29 HPs)
             Began as a Demonspawn Abyssal Knight on Mar 24, 2023.
             Was a Believer of Lugonu.
             Slain by a hobgoblin (3 damage)
             ... on level 3 of the Dungeon.
             The game lasted 00:03:43 (1977 turns).

javelincjr the Trooper (Demonspawn Abyssal Knight)  Turns: 1977, Time: 00:03:43

Health: -1/29      AC:  4    Str: 15    XL:     3   Next: 83%
Magic:  5/5        EV: 11    Int: 11    God:    Lugonu [**....]
Gold:   204        SH:  0    Dex: 13    Spells: 2/2 levels left

rFire   . . .      SeeInvis .   a - +1 hand axe
rCold   . . .      Faith    .   (no shield)
rNeg    . . .      Spirit   .   b - +0 leather armour
rPois   .          Reflect  .   (helmet restricted)
rElec   .          Harm     .   (no cloak)
rCorr   .          Rampage  .   (no gloves)
Will    .....                   k - +0 pair of boots
Stlth   +.........              (no amulet)
HPRegen 0.09/turn               (no ring)
MPRegen 0.09/turn               (no ring)

@: no status effects
A: horns 1, powered by death 1
a: Renounce Religion, Depart the Abyss, Bend Space


You were on level 3 of the Dungeon.
You worshipped Lugonu.
Lugonu was pleased with you.
You visited 1 branch of the dungeon, and saw 3 of its levels.
You visited the Abyss 1 time.

You collected 204 gold pieces.

Inventory:

Hand Weapons
 a - a +1 hand axe (weapon)
Armour
 b - a +0 leather armour (worn)
 k - a +0 pair of boots (worn)
Magical Staves
 h - a staff of poison
Scrolls
 c - a scroll of acquirement {unknown}
 d - 3 scrolls of identify {unknown}
 e - 4 scrolls of teleportation {unknown}
 i - a scroll of torment {unknown}
 j - a scroll of enchant weapon {unknown}
 n - a scroll of poison {unknown}
 o - a scroll of immolation {unknown}
 p - a scroll of summoning {unknown}
Potions
 f - 2 potions of curing {unknown}
 g - a potion of mutation {unknown}
 l - a potion of heal wounds {unknown}
 m - a potion of attraction {unknown}


   Skills:
 + Level 3.3 Fighting
 + Level 2.3 Axes
 + Level 2.3 Armour
 + Level 1.6 Dodging
 + Level 3.2 Invocations


You had 2 spell levels left.
You didn't know any spells.
Your spell library contained the following spells:

 Spells                   Type           Power      Damage    Failure   Level
 Ensorcelled Hibernation  Hex/Ice        0%         N/A       54%         2
 Passwall                 Tmut/Erth      0%         N/A       54%         2
 Swiftness                Air            0%         N/A       78%         3


Dungeon Overview and Level Annotations

Branches:
Dungeon (3/15)

Altars:

Shops:
D:1 [:((


Innate Abilities, Weirdness & Mutations

You have a pair of small horns on your head.
You regenerate a little health from kills.


Message History

The gnoll misses you. The hobgoblin misses you.
The rat bites you but does no damage. The gnoll barely misses you.
A gnoll comes into view. It is wielding a +0 club.
You hit the gnoll.
The gnoll is lightly wounded.
You hit the rat but do no damage. You barely miss the hobgoblin.
The gnoll barely misses you. The hobgoblin barely misses you.
The rat barely misses you. The gnoll barely misses you.
You hit the gnoll.
The gnoll is severely wounded.
You hit the hobgoblin but do no damage. You hit the rat.
You kill the rat!
Lugonu accepts your kill.
The gnoll hits you from afar with a +0 spear.
The gnoll hits you with a +0 flail. The hobgoblin misses you.
You barely miss the gnoll. Your headbutt misses the gnoll.
The gnoll is severely wounded.
You hit the hobgoblin but do no damage.
The gnoll hits you from afar with a +0 spear.
The hobgoblin hits you. The gnoll hits you with a +0 flail.
You barely miss the gnoll. You headbutt the gnoll.
The gnoll is almost dead.
You barely miss the hobgoblin.
The gnoll hits you from afar with a +0 spear.
The hobgoblin hits you but does no damage.
The gnoll hits you but does no damage. The gnoll barely misses you.
The hobgoblin hits you.
The gnoll hits you from afar with a +0 spear.
You are too injured to fight recklessly!
You are too injured to fight recklessly!
You are too injured to fight recklessly!
You barely miss the gnoll.
The gnoll is almost dead.
You barely miss the hobgoblin. The gnoll hits you but does no damage.
The hobgoblin closely misses you. The gnoll hits you with a +0 flail!
* * * LOW HITPOINT WARNING * * *
Okay, then.
The gnoll attacks as you move away! The gnoll closely misses you.
The hobgoblin attacks as you move away! The hobgoblin hits you.
You die...

##.... .... ##.....
....###### #......
.........# #.†....
.........#########.)....
................<.))....
.........######.........
......gg.##....^........
......g@....(...........
.....g...##.............
............##..........
#>........$.##..........
#....#..................
...##...................
..# #...................
.. #...................
#...................


You could see 3 gnolls and a hobgoblin.

Vanquished Creatures
  2 adders (D:2)
  An orc (D:3)
  2 ball pythons (D:1)
  2 bats
  4 endoplasms
  A giant cockroach (D:1)
  7 goblins
  A hobgoblin (D:1)
  5 jackals (D:3)
  3 kobolds
  A quokka (D:1)
  7 frilled lizards
  4 rats
40 creatures vanquished.

Notes
Turn   | Place    | Note
-------+----------+-------------------------------------------
     0 | Abyss:1  | javelincjr the Demonspawn Abyssal Knight began the quest
                  | for the Orb.
     0 | Abyss:1  | Reached XP level 1. HP: 18/18 MP: 2/2
     0 | Abyss:1  | Found a corrupted altar of Lugonu.
     1 | Abyss:1  | Found a corrupted altar of Lugonu.
    36 | Abyss:2  | Found a stormy altar of Qazlal.
    36 | Abyss:2  | Found a stormy altar of Qazlal.
    36 | Abyss:2  | Noticed a starcursed mass
    42 | D:1      | Escaped the Abyss
   157 | D:1      | Found Tagik's Book Boutique.
   186 | D:1      | Found Ibeber's Weapon Emporium.
   196 | D:1      | Found Tenuzeaj's Antique Weapon Boutique.
   203 | D:1      | Reached skill level 1 in Dodging
   468 | D:1      | Gained mutation: You regenerate a little health from kills.
                  | [demonic ancestry]
   468 | D:1      | Reached XP level 2. HP: 13/24 MP: 4/4
   932 | D:1      | Found Cafab's Antique Armour Shoppe.
  1208 | D:2      | Gained mutation: You have a pair of small horns on your
                  | head. [demonic ancestry]
  1208 | D:2      | Reached XP level 3. HP: 28/29 MP: 5/5
  1648 | D:2      | Found a faded altar of an unknown god.
  1977 | D:3      | Slain by a hobgoblin

Illustrated notes

Levels and vault maps discovered:
D:1:      pf_arrival_petrified_forest, layout_loops_ring, serial_shops,
          nicolae_shop_bloodbath_and_beyond, nicolae_shop_behind_doors,
          nicolae_shop_advertising_works [nicolae_subvault_shop_adworks], shop,
          minmay_indecisive_spiral
D:2:      layout_loops_ring, ebering_ecumenical_altar_abandoned, basic_altar,
          hex_tiny
D:3:      layout_rooms, serial_park_tiny_2

Skill      XL: |  1  2 |
---------------+-------+-----
Dodging        | 1 |  1.6
Axes           | 2 |  2.3
Armour         | 2 |  2.3
Invocations    | 3 |  3.2
Fighting       | |  3.3

Action                   || total
-------------------------++-------
Melee: Hand axe          ||    88
       Headbutt          ||     7
Invok: Depart the Abyss  ||     1
Armor: Leather armour    ||    31
Dodge: Dodged            ||    61
